Cogmind - Beta 9.4 *** ADVENTURER MODE // 2020.08.14 @ 20:53:41 Player: Scyralis Result: Self-destructed Performance ------------- Evolutions (1) 500 Regions Visited (3) 600 Robots Destroyed (15) 75 Value Destroyed (209) 209 Prototype IDs (3) 60 Alien Tech Used (0) 0 Bonus (-208) -208 TOTAL SCORE: 1236 Bonus ------- Friendly Fire -208 Cogmind --------- Core Integrity 364/400 Matter 280/300 Energy 100/240 System Corruption 0% Temperature Cool (-55) Movement Walking (120) Location -9/Materials Parts ------- > --- POWER (1) -------- Nuclear Core > --- PROPULSION (2) --- Aluminum Leg Improved Aluminum Leg > --- UTILITY (4) ------ Cryofiber Web Medium Storage Unit Weight Redist. System Improved Light Armor Plating > --- WEAPON (2) ------- EM Pulse Gun Improved EM Shotgun > --- INVENTORY (8) ---- Terrain Scan Processor Target Analyzer Transmission Jammer EM Pulse Gun EM Pulse Gun EM Pulse Gun Rocket Launcher Peak State ------------ > --- POWER ------------ Nuclear Core > --- PROPULSION ------- Aluminum Leg Improved Aluminum Leg > --- UTILITY ---------- Cryofiber Web Medium Storage Unit Weight Redist. System Improved Light Armor Plating > --- WEAPON ----------- EM Pulse Gun Improved EM Shotgun > --- INVENTORY -------- Terrain Scan Processor Target Analyzer Transmission Jammer EM Pulse Gun EM Pulse Gun EM Pulse Gun Rocket Launcher [Rating: 20] Favorites ----------- Power Ion Engine Engine Ion Engine Power Core Nuclear Core Propulsion Aluminum Leg Leg Aluminum Leg Utility Medium Storage Unit Device Weight Redist. System Storage Medium Storage Unit Protection Hardened Medium Armor Plating Weapon EM Pulse Gun Energy Gun EM Pulse Gun Build | -11 -10 -10 -9 ------- Run | Scr Mat Min Mat Slots Evolved 2 | . . . 2 Power . | . . . . Propulsion . | . . . . Utility 2 | . . . 2 Weapon . | . . . . Parts Attached 14 | 5 2 . 7 Power 2 | 1 . . 1 Engine 1 | 1 . . . Core 1 | . . . 1 Reactor . | . . . . Propulsion 3 | 2 . . 1 Treads . | . . . . Leg 3 | 2 . . 1 Wheel . | . . . . Hover . | . . . . Flight . | . . . . Utility 5 | . 2 . 3 Device 2 | . 1 . 1 Storage 1 | . 1 . . Processor . | . . . . Hackware . | . . . . Protection 2 | . . . 2 Artifact . | . . . . Weapon 4 | 2 . . 2 Energy Gun 4 | 2 . . 2 Energy Cannon . | . . . . Ballistic Gun . | . . . . Ballistic Cannon . | . . . . Launcher . | . . . . Special Weapon . | . . . . Impact Weapon . | . . . . Slashing Weapon . | . . . . Piercing Weapon . | . . . . Special Melee Weapon . | . . . . Unidentified Prototypes 1 | . . . 1 Parts Lost . | . . . . Power . | . . . . Propulsion . | . . . . Utility . | . . . . Weapon . | . . . . Highest Loss Streak . | . . . . Average Slot Usage (%) 91 | . 72 100 98 Engine 12 | . 14 14 10 Leg 25 | . 28 28 22 Device 13 | . . 14 22 Storage 8 | . 1 14 11 Protection 5 | . . . 11 Energy Gun 24 | . 28 28 20 Naked Turns . | . . . . Heaviest Build 27 | 9 17 17 27 Greatest Support 29 | 20 26 26 29 Greatest Overweight (x) 1 | 1 . . 1 Average Overweight (x) . | . . . . Largest Inventory Capacity 8 | 4 8 8 8 Average Capacity 6 | 4 4 8 8 Most Carried 8 | 2 5 8 8 Average Carried 4 | . . 6 6 Final Capacity 8 | 4 8 8 8 Final Carried 8 | . 4 8 7 Class Distribution -------------------- 100% | Mutant Dominant Class ---------------- Mutant | -10/Materials Mutant | -10/Mines Mutant | -9/Materials Resources | -11 -10 -10 -9 ----------- Run | Scr Mat Min Mat Matter Collected 320 | 250 . 20 50 Remotely . | . . . . Salvage Created 730 | 62 299 . 369 Parts 37 | 2 13 . 22 Haulers Intercepted 2 | . 1 . 1 Recyclers Shooed . | . . . . Parts Field Recycled . | . . . . Retrieved Matter . | . . . . Parts Self-Destructed . | . . . . Prevented . | . . . . Kills | -11 -10 -10 -9 ------- Run | Scr Mat Min Mat Combat Hostiles Destroyed 4 | . 2 . 2 Guns 3 | . 1 . 2 AOE 1 | . 1 . . Classes Destroyed 6 | 1 4 . 1 Worker 2 | . 1 . 1 Builder 2 | . . . 2 Hauler 2 | . 1 . 1 Recycler 3 | 1 1 . 1 Watcher 1 | . 1 . . Grunt 4 | . 2 . 2 Thug 1 | . . . 1 Best Kill Streak 6 | 1 6 . 3 Combat Bots Only 2 | . 2 . 2 Max Kills in Single Turn 1 | 1 1 . 1 Gunslinging . | . . . . Exploded 1 | . 1 . . Melee . | . . . . Uniques/NPCs Destroyed . | . . . . Combat | -11 -10 -10 -9 -------- Run | Scr Mat Min Mat Damage Taken 165 | . 9 . 156 Core 36 | . . . 36 Absorbed by Shields . | . . . . Core Remaining (%) 100 | 100 . 100 . Volleys Fired 33 | 2 12 . 19 Largest 2 | 2 2 . 2 Hottest 85 | 80 80 . 85 Shots Fired 61 | 4 24 . 33 Gun 61 | 4 24 . 33 Cannon . | . . . . Launcher . | . . . . Special . | . . . . Kinetic . | . . . . Thermal . | . . . . Explosive . | . . . . Electromagnetic 61 | 4 24 . 33 Robot Hit Streak 14 | 4 8 . 14 Robot Miss Streak 3 | . 3 . 2 Penetration Max . | . . . . Secondary Targets 1 | . 1 . . Max Gunslinging Chain 1 | . 1 . . Shots Hit Robots 46 | 4 16 . 26 Core Hits 26 | 1 9 . 16 Critical Hits . | . . . . Critical Kills . | . . . . Critical Parts Destroyed . | . . . . Melee Attacks . | . . . . Impact . | . . . . Slashing . | . . . . Piercing . | . . . . Sneak Attacks . | . . . . Combat Hostiles . | . . . . Follow-up Attacks . | . . . . Damage Inflicted 851 | 67 293 . 491 Guns 724 | 42 265 . 417 Cannons . | . . . . Explosions 127 | 25 28 . 74 Melee . | . . . . Ramming . | . . . . Kinetic . | . . . . Thermal 127 | 25 28 . 74 Explosive . | . . . . Electromagnetic 724 | 42 265 . 417 Impact . | . . . . Slashing . | . . . . Piercing . | . . . . Highest Corruption . | . . . . Average Corruption . | . . . . Corruption Purged . | . . . . Overload Shots . | . . . . Overflow Damage . | . . . . Projectiles . | . . . . Explosions . | . . . . Melee . | . . . . Knockbacks . | . . . . Impact . | . . . . Kinetic . | . . . . Secondary . | . . . . Self-Inflicted Damage 24 | . . . 24 Shots 1 | . . . 1 Rammed . | . . . . Targets Rammed . | . . . . Kicked . | . . . . Crushed . | . . . . Highest Temperature 78 | 36 78 . 75 Average Temperature 30 | 20 31 . 34 Received Heat Transfer 69 | . 6 . 63 Siege Activations . | . . . . Robots Corrupted . | . . . . Combat Hostiles . | . . . . Parts Fried 5 | . 1 . 4 Impact Corruptions . | . . . . Robots Melted . | . . . . Combat Hostiles . | . . . . Parts Melted . | . . . . Heat Transferred 150 | 50 . . 100 Parts Sabotaged . | . . . . Parts Stolen . | . . . . Parts Stripped . | . . . . Power Chain Reactions 4 | 1 1 . 2 Missiles Intercepted . | . . . . Alert | -11 -10 -10 -9 ------- Run | Scr Mat Min Mat Peak Influence 131 | 5 105 34 131 Average Influence 49 | 2 35 34 73 Maximum Alert Level . | . . . . Low Security (%) 100 | 100 100 100 100 Level 1 . | . . . . Level 2 . | . . . . Level 3 . | . . . . Level 4 . | . . . . Level 5 . | . . . . High Security . | . . . . Max Security . | . . . . Squads Dispatched 1 | . . 1 . Investigation 1 | . . 1 . Extermination . | . . . . Reinforcement . | . . . . Assault . | . . . . Garrison . | . . . . Intercept . | . . . . Construction Impeded . | . . . . Haulers Reinforced . | . . . . Stealth | -11 -10 -10 -9 --------- Run | Scr Mat Min Mat Distress Signals . | . . . . Communications Jammed . | . . . . Distress Signals . | . . . . Times Spotted 7 | . 4 . 3 Peak Tracking Total 2 | . 2 . 2 Tactical Retreats . | . . . . Traps | -11 -10 -10 -9 ------- Run | Scr Mat Min Mat Traps Triggered . | . . . . Indirectly . | . . . . Trap Hack Attempts . | . . . . Triggered . | . . . . Disarmed . | . . . . Reprogrammed . | . . . . Reused . | . . . . Traps Extracted . | . . . . Installed . | . . . . Triggered . | . . . . Machines | -11 -10 -10 -9 ---------- Run | Scr Mat Min Mat Machines Disabled 2 | . 2 . . Max in Single Turn 1 | . 1 . . Machines Sabotaged . | . . . . Garrisons Compromised . | . . . . Overloaded Fab Kills . | . . . . Fab Network Shutdowns . | . . . . Hacking | -11 -10 -10 -9 --------- Run | Scr Mat Min Mat Machines Accessed 7 | . 1 1 5 Terminals 5 | . 1 . 4 Fabricators . | . . . . Repair Stations 1 | . . . 1 Recycling Units . | . . . . Scanalyzers . | . . . . Garrison Access . | . . . . Total Hacks 20 | . 2 1 17 Successful 12 | . 1 1 10 Failed 8 | . 1 . 7 Catastrophic . | . . . . Database Lockouts . | . . . . Manual 12 | . . . 12 Terminals 17 | . 2 . 15 Fabricators . | . . . . Repair Stations 2 | . . . 2 Recycling Units . | . . . . Scanalyzers . | . . . . Garrison Access . | . . . . Terminal Hacks 9 | . 1 1 7 Robot Analysis 3 | . 1 . 2 Prototype ID Bank 1 | . . . 1 Open Door 1 | . . 1 . Branch Access Points 1 | . . . 1 Dispatch Records 1 | . . . 1 Patrol Status 1 | . . . 1 Transport Status 1 | . . . 1 Fabricator Hacks . | . . . . Repair Station Hacks 2 | . . . 2 Scan Component 1 | . . . 1 Repair 1 | . . . 1 Recycling Unit Hacks . | . . . . Scanalyzer . | . . . . Garrison Access Hacks . | . . . . Unauthorized Hacks 4 | . . . 4 Terminals 1 | . . . 1 Botnet 1 | . . . 1 Fabricators . | . . . . Repair Stations . | . . . . Recycling Units . | . . . . Scanalyzers . | . . . . Garrison Access . | . . . . Data Cores Recovered . | . . . . Used . | . . . . Hacking Detections 5 | . 1 . 4 Full Trace Events 1 | . . . 1 Feedback Events . | . . . . Feedback Blocked . | . . . . Robot Schematics Acquired . | . . . . Robots Built . | . . . . Matter . | . . . . Time . | . . . . Total Robot Build Rating . | . . . . Part Schematics Acquired . | . . . . Parts Built . | . . . . Matter . | . . . . Time . | . . . . Total Part Build Rating . | . . . . Parts Repaired 1 | . . . 1 Time 51 | . . . 51 Parts Recycled . | . . . . Recycled Matter . | . . . . Retrieved Matter . | . . . . Retrieved Components . | . . . . Parts Scanalyzed . | . . . . Part Schematics Acquired . | . . . . Parts Damaged . | . . . . Bothacking | -11 -10 -10 -9 ------------ Run | Scr Mat Min Mat Used RIF Installer . | . . . . Robots Hacked . | . . . . Non-combat . | . . . . Combat . | . . . . Robot Hacks Applied . | . . . . Relay Couplers Released . | . . . . Robots Rewired . | . . . . Allies Hacked . | . . . . Hacks Repelled . | . . . . Allies | -11 -10 -10 -9 -------- Run | Scr Mat Min Mat Total Allies . | . . . . Largest Group . | . . . . Highest-Rated Group . | . . . . Highest-Rated Ally . | . . . . Total Orders . | . . . . Ally Attacks . | . . . . Total Damage . | . . . . Kills . | . . . . Allies Corrupted . | . . . . Allies Melted . | . . . . Intel | -11 -10 -10 -9 ------- Run | Scr Mat Min Mat Robot Analysis Total 3 | . 1 . 2 Derelict Logs Recovered . | . . . . Drone Launches . | . . . . Drone Recoveries . | . . . . Exploration | -11 -10 -10 -9 ------------- Run | Scr Mat Min Mat Turns Passed 841 | 60 236 186 359 Spaces Moved 529 | 43 159 151 176 Core 15 | 15 . . . Treads . | . . . . Legs 514 | 28 159 151 176 Wheels . | . . . . Hover . | . . . . Flight . | . . . . Fastest Speed 50 | 50 120 120 120 Average Speed 123 | 104 120 120 134 Slowest Speed 150 | 120 120 120 150 Overloaded Moves . | . . . . Propulsion Burnouts . | . . . . Robots Hopped . | . . . . Cave-ins Triggered . | . . . . Exploration Rate (%) 24 | 4 40 36 17 Regions Visited 3 Branch Regions 1 Pre-discovered Areas 1 | . . 1 . Known Exits Taken . | . . . . Unknown Exits Taken 3 | 1 1 1 . Scrap Searched . | . . . . Spaces Dug . | . . . . Terrain Destroyed 15 | 5 4 . 6 Melee . | . . . . Projectile . | . . . . AOE 15 | 5 4 . 6 Actions | -11 -10 -10 -9 --------- Run | Scr Mat Min Mat Total 656 | 54 180 156 266 Wait 52 | . . . 52 Move 526 | 42 158 150 176 Hop . | . . . . Pick Up 24 | 5 7 5 7 Fast Attach . | . . . . Attach 11 | 5 2 . 4 Detach . | . . . . Swap 3 | . . . 3 Drop 7 | . 1 1 5 Fire 33 | 2 12 . 19 Melee . | . . . . Ram . | . . . . Kick . | . . . . Crush . | . . . . Escape Stasis . | . . . . Rewire . | . . . . Trap . | . . . . Miscellaneous . | . . . . Route ------- -11/Scrapyard -10/Materials (discovered 2 exits: *Mat / *Min) -10/Mines -9/Materials (discovered 1 exit: Min) History --------- Turn | Location | Event 11 | -11/Scrapyard | Discovered new exit (range 16) 61 | -11/Scrapyard | Entered Materials 172 | -10/Materials | Discovered new exit (range 14) 244 | -10/Materials | Discovered new exit (range 15) 297 | -10/Materials | Entered Mines 308 | -10/Mines | Build established: Mutant 326 | -10/Mines | Received a Rocket Launcher from a helpful Derelict 380 | -10/Mines | Met a Derelict shopkeep closing up shop 476 | -10/Mines | Discovered new exit (range 6) 477 | -10/Mines | Learned location of Storage (-7) 483 | -10/Mines | Entered Materials 483 | -9/Materials | Evolved 2 slots: Utility x2 622 | -9/Materials | Identified exit to Mines 785 | -9/Materials | Repaired Imp. EM Shotgun 842 | -9/Materials | Self-destructed Last Messages --------------- Rating: 2p Time: 51 >>Repair Repairing Imp. EM Shotgun... ETC: 51 00779_ K-01 Serf collects debris. 00785_ Repair station completes Imp. EM Shotgun repairs. 00785_ Acquired Imp. EM Shotgun. 00790_ K-01 Serf collects debris. 00794_ Weight Redist. System fried. 00794_ A-02 Transporter destroyed. 00799_ Acquired 10 matter. 00804_ K-01 Serf collects debris. 00815_ Acquired Imp. Light Armor Plating. 00820_ Dropped Hrd. Medium Armor Plating. 00821_ Acquired Nuclear Core. 00822_ Dropped Ion Engine. 00839_ B4-GH7(g) shuts down. 00839_ Imp. Heat Sink fried. 00839_ B4-GH7(g) destroyed. Map ----- +----------------------------------------------------+ | ?????????????????????????????????????????????????? | | ?????????????????????????????????????????????????? | | ?????????????????????????????????????????????????? | | ?????????????????????????????????????????????????? | | ?????????????????????????????????????????????????? | | ?????????????????????????????????????????????????? | | ?????????????????????????????????????????????????? | | ?????????????????????????????????????????????????? | | ?????????????????????????????????????????????????? | | ?????????????????????????????????????????????????? | | ?????????????????????????????????????????????????? | | ?????????????????????????????????????????????????? | | ?????????????????????????????????????????????????? | | ?????????????????????????????????????????????????? | | ?????????????????????????????????????????????????? | | ?????????????????????????+???????????????????????? | | ????????????????????????? #??????????????????????? | | ????????????????????????+ a??????????????????????? | | ????????????????????????# #??????????????????????? | | ????????????????????????# #??????????????????????? | | ????????????????????????# #??????????????????????? | | ????????????????????????# #??????????????????????? | | ?????############???????# #??????????????????????? | | ?????? ???????? [ ??????????????????????? | | ######### #??????????#%#??????????????????????? | | # """ #! ############@#??????????????????????? | | # "T" /%|! + ## #??????????????????????? | | # #!#### ## #??????????????????????? | | # #=##?# """ ## #??????????????????????? | | ########"!"#?# """ ## #####??????????????????? | | ???????## "#?# """ """ ## **#??????????????????? | | ???????##="#?# "R ## !**#??????????????????? | | ???????##=##?# """ ## !!#??????????????????? | | ????????#%#??# = ## !#??????????????????? | | ????????#=########+######m ]]#??????????????????? | | ?????####+## ##### ]]#??????????????????? | | ?????# *=!# #####??????????????????? | | ?????# = # "" ######??????????????????????? | | ?????# """%# "" =#???????????????????????????? | | ?????# """ # T" ==#????????#??????????????????? | | ?????# " " # "" =%##### #?????????????????? | | ?????# # "" ==* #?????????????????? | | ?????# "" %# % +?????????????????? | | ?????# "" # = #?????????????????? | | ?????# """ # ##### #?????????????????? | | ?????# + #######?????# #???????????????????? | | ?????# # #?????????????#???????????????????? | | ?????# = + #?????????????????????????????????? | | ?????########/######?????????????????????????????? | | ???????# #?????????????????????????????? | +----------------------------------------------------+ Best States ------------- Heat Dissipation 28 Energy Generation 14 Energy Capacity 250 Matter Stores 300 Matter Capacity 300 Sight Range 16 Terrain Scan Density 10 Additional Mass Support 6 Base Temperature (-) 100 Armor Coverage 225 Resistance: KI 20 Resistance: TH 20 Resistance: EX 20 Resistance: EM 20 Resistance: I 20 Resistance: S 20 Resistance: P 20 Evasion (%) 40 Offensive Hacking 10 Item Schematics ----------------- None Robot Schematics ------------------ None Fabricated ------------ Nothing Alien Tech Used ----------------- None Achievements -------------- None Challenges ------------ None Game ------ Seed VortexFortressKatana Manual? 0 Play Time 00:09:48 Cumulative 388.8 hours Start 2020.08.14 @ 20:42:47 End 2020.08.14 @ 20:53:41 Sessions 1 Manual Loads 0 Difficulty Adventurer Special Mode None Game No. 120 Rogue 1 Adventurer 119 Explorer 0 Win Type - Total 2 Types 1/0/0/1/0/0/0 Lore% 37 Gallery% 66 Achievement% 50 Wizard Run 0 Options --------- ASCII 0 Keyboard 0 Movement Numpad Keybinds 0 Fullscreen 1 Font 12/Smallcaps Map View 83x54 Tactical HUD 1 Map Filters NONE Filters NONE Steam X RUN: 4d80225a-360e-426e-b0ff-ef4b7d6011a0